 Dungeon Crawl Stone Soup version 0.17-a0-977-g4154171 (webtiles) character file.

1656 oplop the Conjurer (level 9, -8/52 HPs)
             Began as a Tengu Fire Elementalist on May 10, 2015.
             Was a Believer of Vehumet.
             Engulfed by a cloud of flame (26 damage)
             ... on level 7 of the Dungeon.
             The game lasted 00:21:38 (6528 turns).

oplop the Conjurer (Tengu Fire Elementalist)        Turns: 6528, Time: 00:21:39

Health: -8/52      AC:  2    Str:  7    XL:     9   Next: 0%
Magic:  23/27      EV: 13    Int: 19    God:    Vehumet [**....]
Gold:   368        SH:  0    Dex: 12    Spells: 5 memorised, 3 levels left

rFire  . . .     SeeInvis .     (no weapon)
rCold  . . .     Clarity  .     a - +1 robe
rNeg   + . .     SustAb   .     (no shield)
rPois  +         Gourm    .     (helmet restricted)
rElec  .         Spirit   .     (no cloak)
rCorr  .         Warding  +     (no gloves)
rMut   .         Stasis   .     (boots unavailable)
MR     .....                    o - amulet of warding
Stlth  ++........               y - ring of wizardry
                                g - ring of magical power

@: not resistant to hostile enchantments, unstealthy
A: beak, talons 3, blurry vision 1, clumsy 1, deformed body, poison resistance,
weak 1, evolution 1, able to fly 1
a: Fly, Renounce Religion


You were on level 7 of the Dungeon.
You worshipped Vehumet.
Vehumet was pleased with you.
You were not hungry.

You visited 2 branches of the dungeon, and saw 8 of its levels.

You collected 368 gold pieces.

Inventory:

Armour
 a - a +1 robe (worn)
Jewellery
 g - a ring of magical power (left hand)
 n - a +1 ring of slaying
 o - an amulet of warding (around neck)
 v - an uncursed ring of protection from magic
 w - an uncursed amulet of inaccuracy
 y - a ring of wizardry (right hand)
Magical devices
 u - a wand of frost (48)
Scrolls
 d - 2 scrolls of noise
 h - 5 scrolls of remove curse
 p - a scroll of magic mapping
 q - 2 scrolls of amnesia
 s - a scroll of enchant armour
Potions
 e - 4 potions of haste
 f - 2 potions of brilliance
 j - a potion of magic
 l - 2 potions of flight
 r - 3 potions of lignification
 z - 3 potions of curing
Books
 b - a book of Flames

   Spells                             Type                      Level
   a - Flame Tongue                   Conjuration/Fire             1
   b - Throw Flame                    Conjuration/Fire             2
   c - Conjure Flame                  Conjuration/Fire             3
   d - Inner Flame                    Hexes/Fire                   3
   e - Sticky Flame                   Conjuration/Fire             4
   f - Fireball                       Conjuration/Fire             5
Comestibles
 c - 3 bread rations
 i - 4 meat rations
 m - a beef jerky
 t - 2 fruits


   Skills:
 - Level 4.0 Fighting
 + Level 4.2 Dodging
 - Level 2.0 Stealth
 + Level 5.5 Spellcasting
 + Level 7.2 Conjurations
 + Level 6.8 Fire Magic


You had 3 spell levels left.
You knew the following spells:

 Your Spells              Type           Power        Failure   Level  Hunger
a - Flame Tongue          Conj/Fire      ####.        1%          1    None
b - Conjure Flame         Conj/Fire      ####....     1%          3    ##.....
c - Inner Flame           Hex/Fire       ###.....     4%          3    ##.....
d - Sticky Flame          Conj/Fire      ####....     4%          4    ####...
e - Fireball              Conj/Fire      ####......   9%          5    #####..


Dungeon Overview and Level Annotations

Branches:
Dungeon (7/15)             Temple (1/1) D:4

Altars:
Ashenzari
Cheibriados
Elyvilon
Fedhas
Kikubaaqudgha
Makhleb
Nemelex Xobeh
Okawaru
Qazlal
Ru
Sif Muna
Trog
Vehumet
Yredelemnul
Zin
The Shining One

Annotations:
D:4 Sigmund
D:5 Duvessa
D:6 Grinder


Innate Abilities, Weirdness & Mutations

You have a beak for a mouth.
You have claws for feet.
You can fly.
Scrolls take you a little longer to read.
You are clumsy. (Dex -2)
Armour fits poorly on your strangely shaped body.
Your system is resistant to poisons.
You are weak. (Str -2)
You evolve.


Message History

Confirm with . or Enter, or press ? or * to list all spells.
Aiming: Flame Tongue
Press: ? - help, Shift-Dir - straight line, f/p - goblin
Aim: a goblin, wielding an antimagic dagger (inner flame)
The flame tongue misses the goblin.
The flame tongue hits the gnoll.
The gnoll is moderately wounded.
The goblin misses you. The gnoll barely misses you.
Casting: Flame Tongue
Confirm with . or Enter, or press ? or * to list all spells.
Aiming: Flame Tongue
Press: ? - help, Shift-Dir - straight line, f/p - goblin
Aim: a goblin, wielding an antimagic dagger (inner flame)
The flame tongue hits the goblin.
The goblin explodes!
The fiery explosion engulfs you!
Ouch! That really hurt!
Vehumet accepts your kill.
You are engulfed in roaring flames.
Ouch! That really hurt!
You die...

##############
########............#
#........##########.#
#............######.# .#
########..........#.###### #.#
.>.............@.§......# #.###
#.#####..##.####)#.####.####.#..
#......#....#§#.# #.#......#
#......#..<.#.#.## #........#
#.....)#.)###....####.......#
#........................[..#
#......#†........###..###....
+......#......#....#..###...#
#......#......#.##.#..†##...#


There were no monsters in sight!

Vanquished Creatures
  Menkaure (D:4)
  2 sky beasts (D:5)
  3 ogres
  2 centaurs (D:6)
  2 scorpions
  Dowan (D:5)
  A giant frog zombie (D:7)
  3 hounds
  A quasit (D:6)
  A giant frog skeleton (D:4)
  2 jellies (D:6)
  3 orc wizards
  An orc priest (D:3)
  2 iguanas
  4 worker ants
  5 gnolls
  4 adders
  A shadow imp (D:5)
  2 oozes
  2 worms
  15 orcs
  27 bats
  2 bat skeletons (D:4)
  6 giant cockroaches
  9 hobgoblins
  13 jackals
  14 kobolds
  5 quokkas
  3 ball pythons
  2 giant geckos
  5 giant newts
  12 goblins
  A jackal skeleton (D:6)
  11 rats
168 creatures vanquished.

Vanquished Creatures (others)
  A giant newt (D:7)
  A kobold (D:7)
2 creatures vanquished.

Grand Total: 170 creatures vanquished

Notes
Turn   | Place    | Note
--------------------------------------------------------------
     0 | D:1      | oplop, the Tengu Fire Elementalist, began the quest for the Orb.
     0 | D:1      | Reached XP level 1. HP: 10/10 MP: 4/4
   271 | D:1      | Reached XP level 2. HP: 10/16 MP: 6/6
   324 | D:1      | Reached skill level 1 in Fighting
   479 | D:1      | Reached XP level 3. HP: 20/20 MP: 8/8
   911 | D:2      | HP: 1/20 [worm (9)]
  1381 | D:2      | Learned a level 3 spell: Conjure Flame
  1385 | D:2      | Learned a level 3 spell: Inner Flame
  1505 | D:2      | Reached XP level 4. HP: 25/25 MP: 9/9
  1867 | D:2      | Found a burning altar of Makhleb.
  2209 | D:3      | Reached skill level 4 in Fire Magic
  2250 | D:3      | Gained mutation: You can fly. [Tengu growth]
  2250 | D:3      | Reached XP level 5. HP: 12/30 MP: 3/10
  3013 | D:4      | Found a radiant altar of Vehumet.
  3037 | D:4      | Became a worshipper of Vehumet
  3225 | D:4      | Found a radiant altar of Vehumet.
  3318 | D:4      | Noticed an ogre
  3343 | D:4      | Killed an ogre
  3343 | D:4      | Reached XP level 6. HP: 34/36 MP: 9/12
  3762 | D:4      | Learned a level 4 spell: Sticky Flame
  3826 | D:4      | Noticed Menkaure
  3830 | D:4      | Killed Menkaure
  3830 | D:4      | Reached skill level 5 in Fire Magic
  3830 | D:4      | Reached XP level 7. HP: 32/41 MP: 12/14
  3901 | D:4      | Noticed Sigmund
  4323 | D:4      | Reached skill level 5 in Conjurations
  4324 | D:4      | Found a staircase to the Ecumenical Temple.
  4333 | Temple   | Entered the Ecumenical Temple
  4567 | D:5      | Entered Level 5 of the Dungeon
  4770 | D:5      | Noticed Dowan
  4836 | D:5      | Noticed Duvessa
  4866 | D:5      | Acquired Vehumet's first power
  4866 | D:5      | Offered knowledge of Magic Dart by Vehumet.
  4970 | D:4      | Gained mutation: You are weak. (Str -2) [potion of mutation]
  4970 | D:4      | Gained mutation: You are clumsy. (Dex -2) [potion of mutation]
  4970 | D:4      | Gained mutation: Your system is resistant to poisons. [potion of mutation]
  4971 | D:4      | Gained mutation: You evolve. [potion of mutation]
  4971 | D:4      | Gained mutation: Scrolls take you a little longer to read. [potion of mutation]
  5042 | D:5      | Reached XP level 8. HP: 48/48 MP: 7/15
  5237 | D:5      | Reached skill level 6 in Conjurations
  5329 | D:5      | Found a snail-covered altar of Cheibriados.
  5336 | D:5      | Killed Dowan
  5336 | D:5      | Reached skill level 5 in Spellcasting
  5828 | D:6      | Noticed Grinder
  5986 | D:6      | Learned a level 5 spell: Fireball
  6025 | D:6      | Reached skill level 7 in Conjurations
  6150 | D:6      | Offered knowledge of Shock by Vehumet.
  6398 | D:6      | Gained mutation: Armour fits poorly on your strangely shaped body. [potion of mutation]
  6433 | D:7      | Reached XP level 9. HP: 48/52 MP: 18/18
  6500 | D:7      | Found a bloodstained altar of Trog.
  6528 | D:7      | Engulfed by a cloud of flame

Vault maps used:
D:1:      minmay_arrival_loop, corexii_leaking_fountain, grunt_decor_cap
D:2:      lightli_temple_of_fire, minivault_24
D:3:      roderic_batcave
D:4:      nicolae_overflow_crystal_walls, temple_hall, serial_co_window_serial,
          co_window_paths_a, co_window_corner_a, co_window_paths_a,
          co_window_paths_a, co_window_corner_a, co_window_unsneaky_path_d,
          co_window_cross_4, co_window_broadway_c, co_window_corner_b,
          co_window_broadway_b, co_window_of_opportunity_b, co_window_corner_ca,
          glass_columns_a, glass_columns_a, glass_columns_a, glass_columns_a,
          glass_columns_b, vehumet_altar_wand_db, uniq_menkaure, uniq_sigmund
D:5:      lemuel_coloured_pillars_altar, lemuel_round_altar, first_bread,
          uniq_duvessa
D:6:      uniq_grinder
D:7:      lemuel_ratsnest, trog_eyes_of_draining, xom_confusion_cloud,
          the_bakery
Temple:   eino_temple_water_12

Action                   |  1- 3 |  4- 6 |  7- 9 || total
-------------------------+-------+-------+-------++-------
Melee: Unarmed           |     2 |     9 |     9 ||    20
 Cast: Flame Tongue      |    66 |   128 |   144 ||   338
       Conjure Flame     |     1 |     6 |    13 ||    20
       Inner Flame       |       |     1 |     5 ||     6
       Sticky Flame      |       |     1 |    15 ||    16
 Abil: Fly               |       |     1 |     1 ||     2
  Use: Scroll            |       |     5 |    15 ||    20
       Potion            |       |       |     5 ||     5
 Stab: Sleeping          |       |     1 |       ||     1
  Eat: Chunk             |     2 |     9 |     9 ||    20
       Beef jerky        |       |       |     2 ||     2
